 Dungeon Crawl Stone Soup version 0.31-a0-1074-g0b22e4e (webtiles) character file.

Game seed: 9878963155120309763

2016047 DevouringOne the Shapeless Merfolk (level 25, 219/219 HPs)
             Began as a Merfolk Artificer on Nov 26, 2023.
             Was an Initiate of Gozag.
             Escaped with the Orb
             ... and 3 runes!
             The game lasted 01:14:47 (46264 turns).

DevouringOne the Shapeless Merfolk (MfAr)          Turns: 46264, Time: 01:14:48

Health: 219/219    AC: 19    Str: 18    XL:     25   Next: 96%
Magic:  23/23      EV: 59    Int: 20    God:    Gozag
Gold:   2107       SH:  0    Dex: 22    Spells: 24/24 levels left

rFire   + .          .
                       - Unarmed
rCold   + . .        D - melded +0 kite shield
rNeg    + . .        A - melded +2 leather armour of the Spheres {rPois rCorr Int+3}
rPois   ∞            r - melded +2 hat {Will+}
rElec   +            b - melded +2 cloak of the Thief {*Fog Slay-2 SInv Stlth+}
rCorr   .            i - melded +1 pair of gloves
SInv    +            (boots currently unavailable)
Will    +++..        V - amulet of the Sun {Spirit Drain rF- Will++ Regen+}
Stlth   +            O - ring "Ekhuo" {rC+ AC+4 SInv}
HPRegen 1.36/turn    f - ring of Bimew Zuo {Contam rF++ rN+ Int+6 Dex+3}
MPRegen 0.18/turn

%: guardian spirit
@: storm-form, flying, studying 2 skills
A: cleaving, insubstantial, flying, (nimble swimmer 2), (mertail), clumsy 1,
subdued magic 1
0: Orb of Zot
}: 3/15 runes: serpentine, barnacled, silver
a: Blinkbolt, Begin Untransformation, Renounce Religion, Potion Petition, Call
Merchant, Bribe Branch


You escaped.
You worshipped Gozag.
Gozag was most pleased with you.
You were a lightning-filled tempest!
You visited 9 branches of the dungeon, and saw 47 of its levels.
You visited the Abyss 1 time.
You visited 1 ziggurat, and saw 7 of its levels.
You also visited: Trove, Gauntlet, Wizlab and Desolation.

You collected 26646 gold pieces.
You spent 7315 gold pieces at shops.
You paid 17224 gold pieces to Gozag.

Inventory:

Missiles
 S - 3 throwing nets
Armour
 b - the +2 cloak of the Thief (melded) {*Fog Slay-2 SInv Stlth+}
   (You found it in a Gauntlet)

   *Fog:      It may release a thick cloud of smoke when the wearer is hurt.
   Slay-2:    It affects your accuracy & damage with ranged weapons and melee
   (-2).
   SInv:      It lets you see invisible.
   Stlth+:    It makes you more stealthy.
 i - a +1 pair of gloves (melded)
 r - a +2 hat of willpower (melded)
 A - the +2 leather armour of the Spheres (melded) {rPois rCorr Int+3}
   (You found it on level 8 of the Dungeon)

   Int+3:     It affects your intelligence (+3).
   rPois:     It protects you from poison rCorr: It protects you from acid and
   corrosion.
 D - a +0 kite shield (melded)
Jewellery
 f - the ring of Bimew Zuo (right fist) {Contam rF++ rN+ Int+6 Dex+3}
   (You took it off a deep elf annihilator on level 3 of the Elven Halls)

   [ring of intelligence]

   Int+6:     It affects your intelligence (+6).
   Dex+3:     It affects your dexterity (+3).
   rF++:      It greatly protects you from fire.
   rN+:       It protects you from negative energy.
   Contam:    It causes magical contamination when unequipped.
 I - the ring "Noats" {Wiz Str+2}
   (You found it on level 2 of the Depths)

   [ring of wizardry]

   Wiz:       It improves your spell success rate.
   Str+2:     It affects your strength (+2).
 J - the amulet of Malises {Acrobat Int+3 Stlth+}
   (You found it on level 2 of the Depths)

   [amulet of the acrobat]

   Acrobat:   It increases your evasion while moving and waiting.
   Int+3:     It affects your intelligence (+3).
   Stlth+:    It makes you more stealthy.
 O - the ring "Ekhuo" (left fist) {rC+ AC+4 SInv}
   (You bought it in a shop on level 1 of the Vaults)

   [ring of protection]

   AC+4:      It affects your AC (+4).
   rC+:       It protects you from cold.
   SInv:      It lets you see invisible.
 V - the amulet of the Sun (around neck) {Spirit Drain rF- Will++ Regen+}
   (You found it in a treasure trove)

   [amulet of guardian spirit]

   Spirit:    It causes incoming damage to be divided between your reserves of
   health and magic.
   rF-:       It makes you vulnerable to fire.
   Will++:    It greatly increases your willpower.
   Regen+:    It increases your rate of health regeneration.
   Drain:     It drains your maximum health when unequipped.
 X - a ring of ice
Talismans
 L - the storm talisman "Ohyq" (active) {Dex+4}
   (You bought it in a shop on level 5 of the Lair of Beasts)

   [storm talisman]

   Dex+4:     It affects your dexterity (+4).
Wands
 c - a wand of flame (87)
 k - a wand of polymorph (11)
 q - a wand of paralysis (86)
 v - a wand of light (13)
 w - a wand of digging (22)
 z - a wand of roots (40)
 F - a wand of mindburst (38)
Scrolls
 e - 2 scrolls of poison
 g - 2 scrolls of torment
 m - 12 scrolls of amnesia
 n - a scroll of fog
 t - 2 scrolls of blinking
 u - 2 scrolls of brand weapon
 x - 9 scrolls of enchant armour
 y - 2 scrolls of fear
 G - 3 scrolls of vulnerability
 N - 3 scrolls of enchant weapon
 T - 6 scrolls of immolation
 U - 6 scrolls of teleportation
 Y - a scroll of butterflies
Potions
 a - 4 potions of ambrosia
 d - 5 potions of might
 h - 3 potions of haste
 j - 16 potions of curing
 l - 9 potions of mutation
 p - 6 potions of attraction
 s - 6 potions of heal wounds
 B - 2 potions of resistance
 C - 2 potions of magic
 E - 2 potions of brilliance
 H - 8 potions of enlightenment
 K - 3 potions of lignification
 P - 4 potions of invisibility
 Q - 2 potions of cancellation
 R - a potion of berserk rage
Miscellaneous
 M - a phantom mirror
 W - a lightning rod (4/4)


   Skills:
 - Level 22.8 Fighting
 - Level 16.3 Polearms
 - Level 0.6 Armour
 + Level 24.0 Dodging
 - Level 1.1 Stealth
 O Level 27 Unarmed Combat
 - Level 3.0 Evocations
 O Level 27 Shapeshifting


You had 24 spell levels left.
You didn't know any spells.
Your spell library contained the following spells:

 Spells                   Type           Power      Damage    Failure   Level
 Apportation              Tloc           0%         N/A       16%         1
 Foxfire                  Conj/Fire      0%         2x1d4     16%         1
 Kiss of Death            Conj/Necr      0%         2d5       16%         1
 Magic Dart               Conj           0%         1d3       16%         1
 Necrotise                Necr           0%         1d4       16%         1
 Summon Small Mammal      Summ           0%         N/A       16%         1
 Blink                    Tloc           0%         N/A       24%         2
 Call Imp                 Summ           0%         N/A       24%         2
 Cigotuvi's Dreadful Rot  Necr/Pois/Air  0%         N/A       24%         2
 Ensorcelled Hibernation  Hex/Ice        0%         N/A       24%         2
 Jinxbite                 Hex            0%         N/A       24%         2
 Lesser Beckoning         Tloc           0%         N/A       24%         2
 Passwall                 Tmut/Erth      0%         N/A       24%         2
 Scorch                   Fire           0%         2d5       24%         2
 Static Discharge         Conj/Air       0%         3-3/arc   24%         2
 Call Canine Familiar     Summ           0%         N/A       45%         3
 Confusing Touch          Hex            0%         N/A       45%         3
 Dazzling Flash           Conj/Hex       0%         N/A       45%         3
 Frozen Ramparts          Ice            0%         1d1       45%         3
 Gell's Gravitas          Tloc           0%         N/A       45%         3
 Ignite Poison            Fire/Tmut/Pois 0%         N/A       45%         3
 Inner Flame              Hex/Fire       0%         N/A       45%         3
 Mephitic Cloud           Conj/Pois/Air  0%         N/A       45%         3
 Ozocubu's Armour         Ice            0%         N/A       45%         3
 Summon Guardian Golem    Hex/Summ       0%         N/A       45%         3
 Swiftness                Air            0%         N/A       45%         3
 Teleport Other           Tloc           0%         N/A       45%         3
 Tukima's Dance           Hex            0%         N/A       45%         3
 Vampiric Draining        Necr           0%         2d6       45%         3
 Volatile Blastmotes      Fire/Tloc      0%         2d10      45%         3
 Airstrike                Air            0%         2d(0-16)  86%         4
 Brom's Barrelling Bould  Conj/Erth      0%         2d3       86%         4
 Cause Fear               Hex            0%         N/A       86%         4
 Dispel Undead            Necr           0%         3d6       86%         4
 Flame Wave               Conj/Fire      0%         2d4       86%         4
 Fulminant Prism          Conj/Hex       0%         3d5       86%         4
 Iskenderun's Mystic Bla  Conj/Tloc      0%         2d3       86%         4
 Manifold Assault         Tloc           0%         N/A       86%         4
 Olgreb's Toxic Radiance  Pois           0%         N/A       86%         4
 Passage of Golubria      Tloc           0%         N/A       86%         4
 Petrify                  Tmut/Erth      0%         N/A       86%         4
 Sticky Flame             Conj/Fire      0%         2d3       86%         4
 Summon Ice Beast         Ice/Summ       0%         N/A       86%         4
 Summon Lightning Spire   Summ/Air       0%         N/A       86%         4
 Agony                    Necr           0%         N/A       99%         5
 Alistair's Intoxication  Tmut/Pois      0%         N/A       99%         5
 Arcjolt                  Conj/Air       0%         1d10      99%         5
 Borgnjor's Vile Clutch   Necr/Erth      0%         N/A       99%         5
 Fireball                 Conj/Fire      0%         3d3       99%         5
 Freezing Cloud           Conj/Ice/Air   0%         6-21      99%         5
 Irradiate                Conj/Tmut      0%         3d11      99%         5
 Iskenderun's Battlesphe  Conj           0%         2d6       99%         5
 Metabolic Englaciation   Hex/Ice        0%         N/A       99%         5
 Silence                  Hex/Air        0%         N/A       99%         5
 Summon Mana Viper        Hex/Summ       0%         N/A       99%         5
 Yara's Violent Unravell  Hex/Tmut       0%         3d3       99%         5
 Bombard                  Conj/Erth      0%         9d1       100%        6
 Conjure Ball Lightning   Conj/Air       0%         3x3d6     100%        6
 Death Channel            Necr           0%         N/A       100%        6
 Dispersal                Tloc           0%         N/A       100%        6
 Plasma Beam              Fire/Air       0%         2x1d10    100%        6
 Starburst                Conj/Fire      0%         6d3       100%        6
 Summon Cactus Giant      Summ           0%         N/A       100%        6
 Haunt                    Necr/Summ      0%         N/A       100%        7
 Malign Gateway           Summ/Tloc      0%         N/A       100%        7
 Monstrous Menagerie      Summ           0%         N/A       100%        7
 Orb of Destruction       Conj           0%         9d5       100%        7
 Ozocubu's Refrigeration  Ice            0%         4d7       100%        7
 Spellforged Servitor     Conj/Summ      0%         N/A       100%        7
 Discord                  Hex            0%         N/A       100%        8
 Disjunction              Tloc           0%         N/A       100%        8
 Ignition                 Fire           0%         3d3       100%        8
 Infestation              Necr           0%         N/A       100%        8
 Lehudib's Crystal Spear  Conj/Erth      0%         10d2      100%        8
 Maxwell's Capacitive Co  Air            0%         ∞         100%        8
 Summon Horrible Things   Summ           0%         N/A       100%        8
 Chain Lightning          Conj/Air       0%         N/A       100%        9
 Dragon's Call            Summ           0%         N/A       100%        9
 Fire Storm               Conj/Fire      0%         5d1       100%        9
 Shatter                  Erth           0%         3d5*      100%        9
 Sublimation of Blood     Necr           Unusable   N/A       N/A         2
 Animate Dead             Necr           Unusable   N/A       N/A         4
 Simulacrum               Ice/Necr       Unusable   N/A       N/A         6

Dungeon Overview and Level Annotations

Branches:
Dungeon (15/15)            Temple (0/1) D:6            Lair (5/5) D:8
 Shoals (4/4) Lair:3        Snake (4/4) Lair:3        Slime (0/5) Lair:5
    Orc (2/2) D:12            Elf (3/3) Orc:2        Vaults (5/5) D:13
  Crypt (0/3) Vaults:2     Depths (4/4) D:15            Zot (5/5) Depths:4
 WizLab (visited)         Desolation (visited)      Gauntlet (visited)

Altars:
Ashenzari
Fedhas
Gozag
Hepliaklqana
Kikubaaqudgha
Makhleb
Nemelex Xobeh
Okawaru
Sif Muna
Trog
Uskayaw
Vehumet
Wu Jian
Xom
Yredelemnul
The Shining One
Jiyva

Shops:
D:9 (   D:11 *=   D:12 (   D:15 :   Orc:2 =!:=:   Elf:2 =   Lair:5 =
Snake:1 [*(   Snake:3 !   Vaults:1 =   Vaults:2 *   Vaults:5 *

Portals:
Hell: Depths:1 Depths:2
Pandemonium: Depths:1

Annotations:
D:5 2 transporters, cnlflgl's ghost, novice FoHu
D:14 3 runed translucent doors, ulamog's ghost, journeyman FoHu
Lair:5 1 runed translucent door, Avomakho's ghost, journeyman DsVM
Shoals:3 1 transporter, exclusion: orange crystal statue
Elf:2 3 runed translucent doors


Innate Abilities, Weirdness & Mutations

You are a lightning-filled tempest!
Your electrical attacks strike out in all directions at once.
You are incredibly evasive.
Your insubstantial body is immune to petrification, constriction, and being set on fire You are flying.
Your armour is entirely melded.
You are incapable of wielding weapons or throwing items.
You are immune to poison.
((You are very nimble when in or above water. (Stealth+, EV+, Speed+++)))
((Your lower body shifts to a powerful aquatic tail in water.))
You are clumsy. (Dex -2)
Your spells are a little easier to cast, but a little less powerful.


Message History

Level annotation: 2 transporters, cnlflgl's ghost, novice FoHu
There is a stone staircase leading down here.
There is a stone staircase leading up here.
You fly upwards.
There is a stone staircase leading down here.
You see here a +0 leather armour.
There is a stone staircase leading up here.
You fly upwards.
There is a stone staircase leading down here.
There is a stone staircase leading up here.
You fly upwards.
There is a stone staircase leading down here.
A shadow demon comes into view.
There is a stone staircase leading up here.
The shock of your passage hits the shadow demon!!!
You kill the shadow demon!
You blink.
No target in view!
No target in view!
You now have 2107 gold pieces (gained 5).
You feel energetic enough to blinkbolt again.
Key pressed, stopping explore.
What level of the Dungeon? (default 1, ? - help)
There is a stone staircase leading up here.
You fly upwards.
There is a stone staircase leading down here.
Blink to where?
Press: ? - help, Q - select action, (/) - cycle Dir - move target
As you read the scroll of blinking, it crumbles to dust.
Blink to where?
Press: ? - help, Q - select action, (/) - cycle Dir - move target
As you read the scroll of blinking, it crumbles to dust.
Blink to where?
Press: ? - help, Q - select action, (/) - cycle Dir - move target
As you read the scroll of blinking, it crumbles to dust.
Blink to where?
Press: ? - help, Q - select action, (/) - cycle Dir - move target
As you read the scroll of blinking, it crumbles to dust.
There is a staircase leading out of the dungeon here.
You have escaped!

≈~~..##..# #.# #.########....
~~~~.....#### #.# ##...........##
~.~~.#......###.###...######...#
~~.≈.##.###..............# #...##
~~≈~.##.#######.###...##.# #.....
.~~≈.##.......#####..#######.#.##
~~~.###########...#..#...#.....#
~≈~~≈##≈≈≈# #...#..#...#...###
~~≈≈≈≈##≈≈# #.v.'..'...#####
.~≈≈≈≈≈#≈## #...'..#...#
~~.≈≈≈≈≈≈# #...####...#
########## ##''######+###
##...##..##...## #..............#
#....##..##....######
#.##'######+##.......
######.#...####...#.#####.


There were no monsters in sight!

Vanquished Creatures
  A pandemonium lord (Depths:1)
  2 dread liches (Vaults:5)
  Mara (Snake:4)
  An ancient lich (Vaults:4)
  An orb of fire (Zot:5)
  4 juggernauts
  Sojobo (Vaults:2)
  3 Killer Klowns (Zot:5)
  Margery (Vaults:2)
  Saint Roka (Vaults:2)
  2 caustic shrikes (Depths:2)
  3 curse toes (Zot:4)
  Xtahua (Vaults:2)
  4 golden dragons
  Jory (Vaults:5)
  A bone dragon (Depths:4)
  An electric golem (Zot:5)
  A Cloud Mage (WizLab)
  A walking crystal tome (Depths:2)
  Mlioglotl (Snake:4)
  2 liches
  11 tentacled monstrosities
  13 Orb Guardians
  Asterion (Snake:4)
  4 titans (Vaults:5)
  3 quicksilver dragons
  A deep elf blademaster (Elf:3)
  Gastronok (Lair:1)
  5 sphinxes
  4 Executioners
  A death cob (Zot:5)
  3 shadow dragons
  A draconian monk (Zig:7)
  4 nagarajas (Snake:4)
  2 storm dragons
  Donald (Snake:3)
  4 tengu reavers
  9 fire giants
  5 deep elf sorcerers (Elf:3)
  Aizul (Vaults:4)
  An iron dragon (Vaults:5)
  A rockslime (Zig:1)
  9 frost giants
  A balrug (Depths:1)
  18 vault wardens
  3 imperial myrmidons (Desolation)
  5 draconian annihilators
  2 draconian scorchers
  A draconian shifter (Zot:5)
  3 deep elf elementalists (Elf:3)
  22 ironbound preservers
  2 cacodemons
  11 very ugly things
  14 ironbound thunderhulks
  2 orc warlords
  A reaper (D:15)
  3 spriggan defenders (Depths:2)
  18 stone giants
  7 war gargoyles
  7 green draconians
  2 vampire knights
  6 black draconians
  A lorocyproca (Depths:1)
  6 red draconians
  Azrael (D:14)
  3 eleionomae (Zig:6)
  A minotaur (Gauntlet)
  4 purple draconians
  5 deep elf demonologists
  A white draconian (Zot:5)
  18 dire elephants
  2 halazid warlocks (Desolation)
  5 yellow draconians
  3 deep elf annihilators
  8 spark wasps (Depths:2)
  A bunyip (shapeshifter) (Vaults:5)
  9 ettins
  5 blizzard demons
  Snorg (Orc:2)
  8 deep elf high priests
  5 deep elf death magi
  2 eidola (Vaults:4)
  A fire dragon (shapeshifter) (Vaults:5)
  A merfolk javelineer (Shoals:3)
  2 crystal guardians (Desolation)
  An entropy weaver (shapeshifter) (Vaults:5)
  Josephine (D:14)
  5 ragged hierophants (Desolation)
  An entropy weaver (Vaults:3)
  8 fire dragons
  3 rakshasas
  8 merfolk impalers
  17 yaktaur captains
  26 vault guards
  Harold (Orc:1)
  6 ice dragons
  2 ghost crabs (WizLab)
  2 salamander tyrants
  10 great orbs of eyes
  5 hydras
  A hell beast (Depths:1)
  2 ogre magi
  5 peacekeepers
  A merfolk avatar (Shoals:4)
  9 servants of whispers (Desolation)
  5 spriggan air magi
  4 two-headed ogres
  10 centaur warriors
  8 ironbound frosthearts
  8 anacondas
  A catoblepas (Lair:5)
  2 death knights (Vaults:2)
  5 merfolk aquamancers
  3 boulder beetles
  An anaconda (shapeshifter) (Vaults:5)
  10 dancing weapons
  A death scarab (Zig:3)
  24 naga warriors
  6 tengu warriors
  6 death yaks (Lair:5)
  12 shock serpents
  6 orc high priests
  Urug (D:13)
  6 deep troll earth magi
  2 vampire magi
  A deep troll shaman (Depths:3)
  A shock serpent (shapeshifter) (Vaults:2)
  3 spriggan berserkers
  17 naga sharpshooters
  7 deep elf knights
  A spriggan (Depths:3)
  Amaemon (Lair:1)
  Nergalle (Orc:2)
  5 skeletal warriors (D:13)
  7 hell knights
  3 sixfirhies (Depths:3)
  5 skysharks
  2 fire crabs
  A shadow wraith (Vaults:5)
  A spectral spark wasp (Depths:1)
  3 salamander mystics
  An iron troll (Depths:3)
  A swamp dragon (Lair:5)
  4 deep elf archers
  A spriggan druid (Zig:6)
  17 sea snakes
  A death drake (WizLab)
  40 deep trolls
  3 glowing orange brains
  A flayed ghost (Vaults:5)
  An orb spider (shapeshifter) (Vaults:2)
  A glowing orange brain (shapeshifter) (Vaults:5)
  8 lindwurms
  A shadow demon (D:2)
  6 naga ritualists (Snake:4)
  9 arcanists
  22 ironbound convokers
  8 orc knights
  17 mana vipers
  4 phantasmal warriors
  7 necromancers
  18 harpies
  3 orc sorcerers
  6 fauns
  9 deep elf zephyrmancers
  10 manticores
  33 ugly things
  16 deep elf pyromancers
  11 cyclopes
  A frost giant skeleton (Vaults:4)
  15 salamanders
  A cyclops (shapeshifter) (Vaults:5)
  A manticore (shapeshifter) (Depths:4)
  An elf zombie (Vaults:4)
  22 elephants
  7 water nymphs
  2 apocalypse crabs (WizLab)
  Joseph (D:7)
  2 molten gargoyles (Desolation)
  7 moths of wrath
  34 black mambas
  4 centaur skeletons (D:13)
  7 merfolk sirens
  10 guardian serpents
  3 torpor snails
  17 naga magi
  A black mamba (shapeshifter) (D:15)
  16 vault sentinels
  19 cane toads
  3 orange demons
  Jeremiah (D:6)
  15 komodo dragons
  27 yaktaurs
  3 freezing wraiths
  2 tengu conjurers
  A kobold demonologist (D:13)
  6 rime drakes
  4 guardian mummies
  A merfolk (shapeshifter) (Depths:2)
  13 polar bears
  8 trolls
  22 merfolk
  7 wind drakes
  A tarantella (Vaults:3)
  43 saltlings
  A hornet (Depths:3)
  16 blink frogs
  A queen bee (shapeshifter) (D:15)
  5 snapping turtles
  Prince Ribbit (D:6)
  3 raiju (Lair:5)
  43 slime creatures
  A snapping turtle (shapeshifter) (Depths:2)
  18 dream sheep
  11 air elementals (WizLab)
  A spriggan skeleton (Zig:3)
  A ynoxinul (Depths:4)
  Sigmund (D:6)
  7 shadows
  6 wyverns
  4 wraiths (D:14)
  A vampire (D:12)
  5 water elementals
  7 basilisks
  A basilisk (shapeshifter) (D:15)
  5 fire elementals
  2 human simulacra
  6 steam dragons
  43 yaks
  7 vampire mosquitoes (D:13)
  An elf skeleton (Vaults:4)
  A redback simulacrum (D:14)
  A redback (Vaults:3)
  14 two-headed ogre zombies (D:14)
  9 wargs
  66 nagas
  2 acid dragons
  16 hell hounds
  16 water moccasins
  2 swamp drakes (Lair:5)
  28 orc warriors
  2 sky beasts
  A spriggan simulacrum (Depths:3)
  13 ogres
  17 black bears
  9 boggarts
  29 wolves
  15 centaurs
  4 kobold brigands (D:13)
  11 bullfrogs
  A gnoll sergeant (D:7)
  5 scorpions
  3 earth elementals
  15 wights
  12 killer bees
  A howler monkey (D:11)
  8 electric eels
  11 orc priests
  2 jellies
  3 hounds
  A gnoll bouda (D:9)
  A sleepcap (D:6)
  Jessica (D:2)
  8 iguanas
  18 orc wizards
  6 hell rats (Lair:1)
  12 adders
  9 gnolls
  2 shadow imps (D:6)
  A white imp (Vaults:1)
  2 ufetubi (D:6)
  A worm (D:2)
  3 dart slugs
  62 orcs
  6 ball pythons
  5 endoplasms
  A giant cockroach (D:4)
  9 goblins
  6 hobgoblins
  3 jackals (D:1)
  4 quokkas
  4 bats
  2 frilled lizards
  4 kobolds
  5 rats
  4 spectral weapons
1916 creatures vanquished.

Vanquished Creatures (collateral kills)
  An ancient lich (Zot:5)
  An orb of fire (Zot:5)
  4 Killer Klowns (Zot:5)
  5 Orb Guardians (Zot:5)
  A purple draconian (Zot:5)
  An orc high priest (Orc:2)
  A deep troll (Vaults:4)
  An arcanist (Vaults:4)
  2 moths of wrath (Zot:5)
  An orc warrior (Orc:2)
  A wight (D:7)
  4 orc priests (Orc:2)
  A gnoll (D:2)
  An orc (Orc:2)
25 creatures vanquished.

Vanquished Creatures (others)
  2 dread liches (Zot:5)
  An orb of fire (Zot:5)
  An ancient lich (Zot:5)
  A Killer Klown (Zot:5)
  A curse toe (Zot:5)
  8 Orb Guardians (Zot:5)
  A quicksilver dragon (Zot:5)
  2 draconian knights (Zot:5)
  A ghost moth (Zot:5)
  A draconian scorcher (Zot:5)
  2 black draconians (Zot:5)
  A purple draconian (Zot:5)
  2 white draconians (Zot:5)
  A red draconian (Zot:5)
  An orc knight (Orc:2)
  A black mamba (Snake:4)
  A naga mage (Snake:4)
  An unseen horror (shapeshifter) (D:13)
  A wyvern (Lair:5)
  3 orc warriors
  A wight (D:7)
  2 orc priests (Orc:2)
  An orc wizard (D:8)
  A gnoll (D:2)
  A quokka (Depths:1)
  A spectral weapon (Zot:5)
40 creatures vanquished.

Grand Total: 1981 creatures vanquished

Notes
Turn   | Place    | Note
-------+----------+-------------------------------------------
     0 | D:1      | DevouringOne the Merfolk Artificer began the quest for the
                  | Orb.
     0 | D:1      | Reached XP level 1. HP: 15/15 MP: 1/1
   245 | D:1      | Reached skill level 1 in Unarmed Combat
   394 | D:1      | Reached XP level 2. HP: 18/21 MP: 2/2
  1068 | D:2      | Reached skill level 1 in Polearms
  1068 | D:2      | Reached XP level 3. HP: 27/27 MP: 3/3
  1160 | D:2      | Found a radiant altar of Vehumet.
  1240 | D:2      | Noticed Jessica
  1241 | D:2      | Killed Jessica
  1242 | D:2      | Reached XP level 4. HP: 34/34 MP: 4/4
  1792 | D:3      | Noticed an ogre
  1794 | D:3      | Killed an ogre
  1795 | D:3      | Reached XP level 5. HP: 41/41 MP: 5/5
  1802 | D:3      | Reached skill level 5 in Polearms
  2088 | D:3      | Found a burning altar of Makhleb.
  2379 | D:4      | Found an ancient bone altar of Kikubaaqudgha.
  2439 | D:4      | Reached XP level 6. HP: 48/48 MP: 6/6
  2532 | D:4      | Found an opulent altar of Gozag.
  2560 | D:4      | Became a worshipper of Gozag Ym Sagoz the Greedy
  2631 | D:4      | Found a blossoming altar of Fedhas.
  2641 | D:4      | Found a hide-covered altar of Uskayaw.
  2672 | D:4      | Found a hazy altar of Hepliaklqana.
  3071 | D:5      | Entered Level 5 of the Dungeon
  3093 | D:5      | Found a transporter.
  3097 | D:5      | Noticed cnlflgl's ghost (novice FoHu)
  3122 | D:5      | Noticed a black bear
  3150 | D:5      | Killed a black bear
  3193 | D:5      | Reached XP level 7. HP: 30/55 MP: 7/7
  3349 | D:5      | Found a transporter.
  3428 | D:5      | Reached skill level 5 in Fighting
  4246 | D:5      | Reached XP level 8. HP: 60/63 MP: 8/8
  4436 | D:6      | Reached skill level 10 in Polearms
  4567 | D:6      | Found a glowing golden altar of the Shining One.
  4699 | D:6      | Found a basalt altar of Yredelemnul.
  4844 | D:6      | Noticed Sigmund
  4864 | D:6      | Killed Sigmund
  4939 | D:6      | Reached XP level 9. HP: 56/72 MP: 9/9
  5170 | D:6      | Found a staircase to the Ecumenical Temple.
  5393 | D:6      | Noticed Jeremiah
  5426 | D:6      | Killed Jeremiah
  5483 | D:6      | Noticed Prince Ribbit
  5492 | D:6      | Killed Prince Ribbit
  5759 | D:7      | Found a sparkling altar of Nemelex Xobeh.
  5873 | D:7      | Found a shimmering altar of Xom.
  5954 | D:7      | Identified the +1 leather armour of Death's Door {rPois}
  6048 | D:7      | Reached XP level 10. HP: 56/82 MP: 10/10
  6277 | D:7      | Noticed Joseph
  6290 | D:7      | Killed Joseph
  6636 | D:8      | Found a staircase to the Lair.
  6669 | D:8      | Reached skill level 15 in Polearms
  6777 | D:8      | Noticed a two-headed ogre
  6787 | D:8      | Killed a two-headed ogre
  6823 | D:8      | Identified the +2 leather armour of the Spheres {rPois
                  | rCorr Int+3}
  7087 | D:8      | Reached skill level 10 in Fighting
  8215 | D:9      | Found a bloodstained altar of Trog.
  8259 | D:9      | Reached XP level 11. HP: 60/84 MP: 11/11
  8419 | D:9      | Found a shimmering blue altar of Sif Muna.
  8563 | D:10     | Entered Level 10 of the Dungeon
  8570 | D:10     | Reached skill level 5 in Dodging
  8955 | D:10     | Found a broken altar of Ashenzari.
  9611 | D:11     | Found a portal to a secret trove of treasure.
  9907 | D:11     | Noticed a cyclops
  9913 | D:11     | Killed a cyclops
  9923 | D:11     | Reached skill level 10 in Dodging
  9940 | D:11     | Noticed a purple ugly thing
 10382 | D:11     | Killed a purple ugly thing
 10394 | D:12     | Found a staircase to the Orcish Mines.
 10424 | D:12     | Found Nuyt's Weapon Emporium.
 10599 | D:12     | Noticed a cyclops
 10605 | D:12     | Killed a cyclops
 10621 | D:12     | Found a gate leading to a gauntlet.
 10628 | Gauntlet | Entered a Gauntlet
 10628 | Gauntlet | Found a transporter.
 10634 | Gauntlet | Noticed a fire crab
 10635 | Gauntlet | Found a transporter.
 10639 | Gauntlet | Found a transporter.
 10647 | Gauntlet | Found a transporter.
 10652 | Gauntlet | Found a transporter.
 10659 | Gauntlet | Noticed a balrug
 10664 | Gauntlet | Found a transporter.
 10665 | Gauntlet | Found a transporter.
 10675 | Gauntlet | Found a transporter.
 10675 | Gauntlet | Noticed a dire elephant
 10676 | Gauntlet | Found a transporter.
 10685 | Gauntlet | Found a transporter.
 10701 | Gauntlet | Found the +2 cloak of the Thief {*Fog Slay-2 SInv Stlth+}
 10720 | Gauntlet | Found a transporter.
 10733 | Gauntlet | Found a transporter.
 10746 | Gauntlet | Found a transporter.
 10759 | Gauntlet | Found a transporter.
 11060 | Gauntlet | Noticed a minotaur
 11080 | Gauntlet | Killed a minotaur
 11229 | D:12     | Noticed a brown ugly thing
 11245 | D:12     | Killed a brown ugly thing
 11246 | D:12     | Reached XP level 12. HP: 80/102 MP: 12/12
 11375 | D:12     | Noticed a two-headed ogre
 11395 | D:12     | Killed a two-headed ogre
 11841 | D:12     | Noticed a death knight
 11911 | Orc:1    | Entered Level 1 of the Orcish Mines
 11936 | Orc:1    | Found Iguemap's Weapon Emporium.
 12281 | Orc:2    | Entered Level 2 of the Orcish Mines
 12390 | Orc:2    | Noticed a soul eater
 12592 | Orc:1    | Noticed Nergalle
 12592 | Orc:1    | Noticed Harold
 12642 | Orc:2    | Found a staircase to the Elven Halls.
 12736 | Orc:2    | Paralysed by an orc sorcerer for 4 turns
 13215 | Orc:2    | Bought a granite talisman for 840 gold pieces
 13265 | Orc:2    | Reached skill level 1 in Shapeshifting
 13417 | Orc:2    | Noticed an orc high priest
 13438 | Orc:2    | Killed an orc high priest
 14027 | Orc:2    | Noticed an orc high priest
 14036 | Orc:2    | Killed an orc high priest
 14037 | Orc:2    | Reached skill level 5 in Shapeshifting
 14040 | Orc:2    | Noticed a sun demon
 14046 | Orc:2    | Noticed an orc high priest
 14047 | Orc:2    | Noticed an orc high priest
 14052 | Orc:2    | Killed an orc high priest
 14058 | Orc:2    | Noticed a sun demon
 14365 | Orc:2    | Killed an orc high priest
 14368 | Orc:2    | Killed an orc high priest
 14553 | Orc:2    | Found Oxeanule's Distillery.
 14556 | Orc:2    | Found Citaomas's Jewellery Shop.
 14557 | Orc:2    | Found Xilieh's Book Shop.
 14558 | Orc:2    | Found Jomeappi's Book Boutique.
 14565 | Orc:2    | Bought a potion of might for 52 gold pieces
 14565 | Orc:2    | Bought a potion of haste for 130 gold pieces
 14565 | Orc:2    | Bought a potion of curing for 39 gold pieces
 14565 | Orc:2    | Bought a potion of might for 52 gold pieces
 14565 | Orc:2    | Bought a potion of curing for 39 gold pieces
 14565 | Orc:2    | Bought a potion of heal wounds for 65 gold pieces
 14644 | Orc:1    | Noticed Snorg
 14644 | Orc:1    | Noticed an orc high priest
 14809 | Lair:1   | Entered Level 1 of the Lair of Beasts
 14887 | Lair:1   | Noticed Amaemon
 14893 | Lair:1   | Reached XP level 13. HP: 111/111 MP: 13/13
 14906 | Lair:1   | Killed Amaemon
 15051 | Lair:1   | Reached skill level 10 in Shapeshifting
 15280 | Orc:2    | Bought the ring "Heson" {Drain +Blink rElec rF+ Will+
                  | Str+3} for 751 gold pieces
 15436 | Lair:1   | Identified the +9 sling of the End {heavy, Will+}
 15951 | Lair:1   | Noticed Gastronok
 15973 | Lair:1   | Killed Gastronok
 17633 | Lair:3   | Reached skill level 15 in Shapeshifting
 17799 | Lair:3   | Found a staircase to the Snake Pit.
 17847 | Lair:3   | Reached XP level 14. HP: 118/118 MP: 14/14
 17955 | Lair:3   | Reached skill level 5 in Unarmed Combat
 18024 | Lair:3   | Found a staircase to the Shoals.
 19482 | Lair:5   | Entered Level 5 of the Lair of Beasts
 19576 | Lair:5   | Found a runed translucent door.
 19578 | Lair:5   | Noticed Avomakho's ghost (journeyman DsVM)
 19774 | Lair:5   | Reached skill level 10 in Unarmed Combat
 20244 | Lair:5   | Reached XP level 15. HP: 124/124 MP: 15/15
 20617 | Lair:5   | Found a viscous altar of Jiyva.
 20617 | Lair:5   | Found a staircase to the Slime Pits.
 21146 | Lair:5   | Identified the +7 sling of Fedhas, Winnowing {speed, Will++
                  | Dex+3}
 22374 | D:13     | Identified the +2 trident "Zoxytay" {freeze, rN+ Dex+4}
 22472 | D:13     | Noticed Urug
 22481 | D:13     | Killed Urug
 22675 | D:13     | Gained mutation: You are clumsy. (Dex -2) [a neqoxec]
 22691 | D:13     | Reached XP level 16. HP: 131/131 MP: 16/16
 22766 | D:13     | Found a gate to the Vaults.
 23070 | Orc:2    | Killed Snorg
 23084 | Orc:2    | Killed Nergalle
 23300 | Orc:1    | Killed Harold
 23619 | Lair:5   | Bought the storm talisman "Ohyq" {Dex+4} for 3478 gold
                  | pieces
 23828 | D:14     | Noticed Josephine
 23844 | D:14     | Killed Josephine
 24002 | D:14     | Noticed ulamog's ghost (journeyman FoHu)
 24080 | D:14     | Noticed Azrael
 24095 | D:14     | Killed Azrael
 24388 | D:14     | Found a runed translucent gate.
 24388 | D:14     | Found a runed translucent gate.
 24389 | D:14     | Found a runed translucent gate.
 24992 | D:14     | Identified the staff of Devotion {rC++ rN+ Necro}
 25425 | Vaults:1 | Entered Level 1 of the Vaults
 26171 | Vaults:1 | Reached XP level 17. HP: 130/137 MP: 17/17
 26283 | Vaults:2 | Noticed a sphinx
 26288 | Vaults:2 | Killed a sphinx
 26322 | Vaults:2 | Identified the +2 robe "Woiss" {MP+9}
 26674 | Vaults:2 | Identified the +6 falchion of Punishment {heavy, rPois
                  | rCorr Int+4}
 26891 | Vaults:2 | Found a staircase to the Crypt.
 26899 | Vaults:2 | Identified the +2 chain mail "Yhet" {Regen+}
 26944 | Vaults:2 | Noticed Saint Roka
 26945 | Vaults:2 | Noticed Xtahua
 27968 | Vaults:1 | Bought the ring "Ekhuo" {rC+ AC+4 SInv} for 650 gold pieces
 28138 | Vaults:1 | Identified a scroll of acquirement
 28139 | Vaults:1 | Acquired a manual of Throwing
 28525 | Vaults:2 | Killed Xtahua
 28744 | Vaults:2 | Noticed Margery
 28750 | Vaults:2 | Killed Margery
 28834 | Vaults:2 | Reached XP level 18. HP: 143/147 MP: 18/18
 28873 | Vaults:2 | Killed Saint Roka
 29166 | Vaults:2 | Noticed Sojobo
 29382 | Vaults:2 | Found Deock's Assorted Antiques.
 29385 | Vaults:2 | Bought a potion of curing for 96 gold pieces
 29385 | Vaults:2 | Bought a scroll of teleportation for 96 gold pieces
 29385 | Vaults:2 | Bought a potion of cancellation for 256 gold pieces
 29614 | Vaults:2 | Killed Sojobo
 29615 | Vaults:2 | Reached skill level 15 in Fighting
 30989 | Vaults:3 | Reached XP level 19. HP: 95/157 MP: 19/19
 31614 | Vaults:4 | Noticed an ancient lich
 31665 | Vaults:4 | Killed an ancient lich
 32135 | Vaults:4 | Identified the +3 war axe "Voeqin" {vamp, rElec rPois rF-
                  | rC+}
 32155 | Vaults:4 | Identified the amulet of Seuhauph {Reflect Dex+2 SH+5}
 32308 | Vaults:4 | Reached skill level 27 in Shapeshifting
 32401 | Vaults:4 | Identified the serpent talisman "Quybevewu" {rN+ Dex+8
                  | Stlth-}
 32401 | Vaults:4 | Noticed Aizul
 32406 | Vaults:4 | Killed Aizul
 32589 | Vaults:5 | Entered Level 5 of the Vaults
 32645 | Vaults:5 | Noticed a tentacled monstrosity
 32672 | Vaults:5 | Killed a tentacled monstrosity
 32709 | Vaults:5 | Reached XP level 20. HP: 146/172 MP: 20/20
 32868 | Vaults:5 | Noticed a dread lich
 32874 | Vaults:5 | Paralysed by a dread lich for 4 turns
 32882 | Vaults:5 | Killed a dread lich
 32957 | Vaults:5 | Identified the +1 morningstar of Recviper {venom, Int+3
                  | Dex+5}
 32967 | Vaults:5 | Identified the +5 bardiche of the Grey Skies {heavy, rF-
                  | Will++ Int+4}
 33018 | Vaults:5 | Noticed Jory
 33030 | Vaults:5 | Killed Jory
 33609 | Vaults:5 | Identified the +9 dagger of Piudimun {heavy, Will+}
 33676 | Vaults:5 | Reached XP level 21. HP: 44/189 MP: 21/21
 33678 | Vaults:5 | Noticed a dread lich
 33689 | Vaults:5 | Killed a dread lich
 33692 | Vaults:5 | Noticed a golden dragon
 33696 | Vaults:5 | Killed a golden dragon
 34076 | Vaults:5 | Identified the amulet of Foolhardiness {Reflect rPois Int+4
                  | Dex+3 SH+5}
 34215 | Vaults:5 | Got a silver rune of Zot
 34489 | Vaults:5 | Bought a scroll of revelation for 315 gold pieces
 34815 | Snake:1  | Entered Level 1 of the Snake Pit
 34924 | Snake:1  | Found Ufus's Antique Weapon Shoppe.
 34926 | Snake:1  | Reached skill level 15 in Unarmed Combat
 35609 | Snake:2  | Got Gocutz's Monograph on Debased Magic and Virulence
 36459 | Snake:3  | Noticed Donald
 36464 | Snake:3  | Killed Donald
 36617 | Snake:3  | Found Dejyat Vae's Distillery.
 36620 | Snake:3  | Bought a potion of resistance for 190 gold pieces
 36620 | Snake:3  | Bought a potion of haste for 190 gold pieces
 36620 | Snake:3  | Bought a potion of might for 76 gold pieces
 36718 | Snake:4  | Entered Level 4 of the Snake Pit
 36734 | Snake:4  | Noticed Asterion
 36747 | Snake:4  | Killed Asterion
 36808 | Snake:4  | Reached skill level 15 in Dodging
 36844 | Snake:4  | Noticed Mlioglotl
 36855 | Snake:4  | Reached XP level 22. HP: 132/198 MP: 22/22
 36873 | Snake:4  | Killed Mlioglotl
 36888 | Snake:4  | Noticed Mara
 36902 | Snake:4  | Killed Mara
 37612 | Snake:4  | Acquired 771 gold pieces
 37677 | Snake:4  | Got a serpentine rune of Zot
 37983 | D:11     | You paid a toll of 3 potions of resistance to enter a
                  | treasure trove
 37984 | Trove    | Entered a treasure trove
 37986 | Trove    | Found the ring of the Mage {Wiz Archmagi}
 37987 | Trove    | Found the necklace of Bloodlust {Fury *Rage Will++ Int-3
                  | Slay+6}
 37988 | Trove    | Identified the ring of Conversion {*Slow rElec rC+ Will+}
 37994 | Trove    | Identified the ring "Piom" {rElec rPois rC+ Will++ Int-2}
 37996 | Trove    | Identified the ring "Uxupriu" {*Corrode rElec EV+5 Dex+7}
 37999 | Trove    | Identified the ring "Acenil" {Fly rN+ Int-4 Slay+3 Stlth+}
 38002 | Trove    | Identified the ring "Hielel" {Fly rElec rF+ Int-4 Dex+6}
 38014 | Trove    | Identified the amulet of the Sun {Spirit Drain rF- Will++
                  | Regen+}
 38019 | Trove    | Identified the ring "Upareez" {EV+5 Str+3}
 38215 | Shoals:1 | Entered Level 1 of the Shoals
 38575 | Shoals:3 | Found a transporter.
 38857 | Shoals:4 | Entered Level 4 of the Shoals
 39272 | Shoals:4 | Identified the ring of Facuil {*Slow rElec rPois rCorr
                  | SInv}
 39379 | Shoals:4 | Got a barnacled rune of Zot
 39804 | Elf:1    | Entered Level 1 of the Elven Halls
 39826 | Elf:1    | Found a radiant altar of Vehumet.
 40052 | Elf:2    | Reached XP level 23. HP: 195/205 MP: 23/23
 40053 | Elf:2    | Found a runed translucent gate.
 40053 | Elf:2    | Found a runed translucent gate.
 40056 | Elf:2    | Found a runed translucent gate.
 40085 | Elf:2    | Found Faben's Jewellery Shop.
 40111 | Elf:2    | Found a crumbling gateway.
 40118 | Desolati | Entered the Desolation of Salt
 40352 | Desolati | Identified the ring of the Disbelieving Gods {Ice Drain rN+
                  | Dex+6 SInv}
 40478 | Desolati | Identified the ring of Limitation {Fire Drain rElec rPois
                  | Slay+5}
 40488 | Desolati | Got the Lectures on Nightshade and the Coals
 40538 | Desolati | Identified the +0 chain mail of Eblyvannad {rPois Str+3}
 40559 | Desolati | Identified the amulet of Gommiwn {Faith rElec Will+}
 40562 | Desolati | Identified the +4 mace "Plog" {freeze, rElec rC+++ Int-3
                  | Dex+2}
 40642 | Desolati | Identified the +6 long sword "Zinkof" {holy, Will+ Str+3
                  | SInv Stlth+}
 40663 | Desolati | Identified the +4 war axe of Ciunah {protect, rElec rCorr
                  | Str+6 Int+5}
 40790 | Desolati | Identified the +0 robe of Ennui {-Tele +Inv rPois Regen+}
 40802 | Desolati | Identified the +2 quarterstaff of Wu Jian's Condemnation
                  | {pain, Int+7}
 40985 | Elf:3    | Entered Level 3 of the Elven Halls
 41042 | Elf:3    | Found a magical portal.
 41083 | WizLab   | Entered The Chambers of the Cloud Mage
 41291 | WizLab   | Paralysed by an air elemental for 1 turns
 41399 | WizLab   | Identified the ring of Devotion {Contam +Blink rCorr EV+5
                  | Dex+4}
 41416 | WizLab   | Got the Reference Book on Ouranomancy
 41637 | Abyss:3  | Found a corrupted altar of Lugonu.
 41637 | Abyss:3  | Cast into level 3 of the Abyss (a deep elf sorcerer)
 41651 | Elf:3    | Escaped the Abyss
 41759 | Elf:3    | Identified the ring of Bimew Zuo {Contam rF++ rN+ Int+6
                  | Dex+3}
 41863 | Elf:3    | Identified the staff of Yredelemnul, Mauling {rC+ Will++
                  | Dex+3 Earth}
 41955 | Elf:3    | Identified the ring of Kumotar {rElec rF+ rC+ Str-5}
 42032 | Elf:3    | Identified the +0 scale mail of Anarchy {Harm Str+3}
 42066 | Elf:3    | Identified the +3 hand axe of the Twisting Jester {freeze,
                  | rPois rF+ Will- Dex+2}
 42619 | D:15     | Entered Level 15 of the Dungeon
 42628 | D:15     | Found a broken altar of Ashenzari.
 42688 | D:15     | Found Mifeimost's Tremendous Tomes.
 42816 | D:15     | Identified the granite talisman of the Soldier {Dex+2}
 42933 | D:15     | Found a staircase to the Depths.
 42958 | Depths:1 | Entered Level 1 of the Depths
 42969 | Depths:1 | Found a one-way gate leading to the halls of Pandemonium.
 43145 | Depths:1 | Acquired 399 gold pieces
 43180 | Depths:1 | Found a gateway to Hell.
 43256 | Depths:2 | Reached XP level 24. HP: 205/213 MP: 22/23
 43287 | Depths:2 | Found a one-way gateway to a ziggurat.
 43297 | Zig:1    | Entered Level 1 of a ziggurat
 43313 | Zig:2    | Entered Level 2 of a ziggurat
 43328 | Zig:3    | Entered Level 3 of a ziggurat
 43354 | Zig:4    | Entered Level 4 of a ziggurat
 43357 | Zig:4    | Noticed a juggernaut
 43365 | Zig:4    | Killed a juggernaut
 43376 | Zig:4    | Identified the +3 leather armour "Hioteyton" {Will+ Str+3}
 43392 | Zig:5    | Entered Level 5 of a ziggurat
 43424 | Zig:5    | Identified the orb of Aghiepad {light, Slay+2}
 43448 | Zig:6    | Entered Level 6 of a ziggurat
 43476 | Zig:6    | Identified the ring "Janas" {rF+ rCorr Str-2 Int+2 Dex+6}
 43478 | Zig:6    | Identified the staff "Jaikhlax" {Fragile rElec rC+ Int+2
                  | SInv Ice}
 43486 | Zig:7    | Entered Level 7 of a ziggurat
 43635 | Depths:2 | Found a shimmering altar of Xom.
 43636 | Depths:2 | Found an ornate altar of the Wu Jian Council.
 43637 | Depths:2 | Found a shimmering altar of Xom.
 43637 | Depths:2 | Found an iron altar of Okawaru.
 43640 | Depths:2 | Noticed a caustic shrike
 43640 | Depths:2 | Noticed a caustic shrike
 43640 | Depths:2 | Noticed a juggernaut
 43648 | Depths:2 | Killed a caustic shrike
 43649 | Depths:2 | Killed a caustic shrike
 43658 | Depths:2 | Killed a juggernaut
 43670 | Depths:2 | Noticed a juggernaut
 43683 | Depths:2 | Killed a juggernaut
 43693 | Depths:2 | Identified the +1 ring mail "Zaeply" {MP+9}
 43702 | Depths:2 | Identified the amulet of Malises {Acrobat Int+3 Stlth+}
 43735 | Depths:2 | Identified the ring "Noats" {Wiz Str+2}
 43805 | Depths:2 | Identified the +0 leather armour of Dossimn {Dex+3 SInv}
 44192 | Depths:4 | Entered Level 4 of the Depths
 44202 | Depths:4 | Noticed a juggernaut
 44209 | Depths:4 | Killed a juggernaut
 44422 | Depths:4 | Reached XP level 25. HP: 165/219 MP: 17/23
 44548 | Depths:4 | Found a gate to the Realm of Zot.
 44601 | Zot:1    | Entered Level 1 of the Realm of Zot
 44956 | Zot:5    | Entered Level 5 of the Realm of Zot
 45128 | Zot:5    | Noticed an orb of fire
 45140 | Zot:5    | Noticed an orb of fire
 45140 | Zot:5    | Noticed an ancient lich
 45146 | Zot:5    | Noticed a Killer Klown
 45146 | Zot:5    | Noticed a Killer Klown
 45149 | Zot:5    | Killed an ancient lich
 45154 | Zot:5    | Noticed a Killer Klown
 45154 | Zot:5    | Noticed a dread lich
 45156 | Zot:5    | Noticed an ancient lich
 45156 | Zot:5    | Killed a Killer Klown
 45157 | Zot:5    | Noticed a dread lich
 45159 | Zot:5    | Killed a Killer Klown
 45161 | Zot:5    | Killed a dread lich
 45170 | Zot:5    | Killed an orb of fire
 45174 | Zot:5    | Killed an orb of fire
 45176 | Zot:5    | Killed a Killer Klown
 45177 | Zot:5    | Killed a Killer Klown
 45188 | Zot:5    | Killed an ancient lich
 45244 | Zot:5    | Noticed a Killer Klown
 45248 | Zot:5    | Killed a Killer Klown
 45258 | Zot:5    | Noticed a Killer Klown
 45262 | Zot:5    | Noticed an orb of fire
 45267 | Zot:5    | Noticed a Killer Klown
 45268 | Zot:5    | Killed a Killer Klown
 45273 | Zot:5    | Killed a Killer Klown
 45275 | Zot:5    | Gained mutation: Your spells are a little easier to cast,
                  | but a little less powerful. [an orb of fire]
 45278 | Zot:5    | Killed an orb of fire
 45442 | Zot:5    | Noticed a Killer Klown
 45455 | Zot:5    | Killed a Killer Klown
 45554 | Zot:5    | Got the Orb of Zot
 45806 | Depths:1 | Noticed Hagy the pandemonium lord
 45826 | Depths:1 | Killed Hagy the pandemonium lord
 45827 | Depths:1 | Reached skill level 27 in Unarmed Combat
 46264 | D:$      | Escaped with the Orb!

Illustrated notes

Levels and vault maps discovered:
D:1:      dpeg_arrival_houses_and_road, layout_loops_corners,
          chequers_serial_rivers_large_a
D:2:      layout_basic, basic_altar, eino_tiny_chamber, chequers_garden,
          chequers_avenue, kennysheep_jessica_study
D:3:      layout_basic, bloody_makhleb, grunt_decor_cap
D:4:      layout_loops_ring, kennysheep_mini_moat,
          nicolae_hepliaklqana_hazy_memory,
          mainiacjoe_overflow_concentric_impassable, old_standard_altar,
          kiku_gazebo_pond_becter, glass_columns_a
D:5:      layout_layer_cave, gammafunk_ghost_stat_death, st_stairs_8
D:6:      layout_basic, lemuel_crystal_altar, mainiacjoe_overflow_boulevard,
          temple_fountains, kennysheep_diamond, uniq_prince_ribbit1,
          uniq_jeremiah, uniq_sigmund
D:7:      layout_loops_ring, mainiacjoe_overflow_surrounded_room,
          mainiacjoe_overflow_chevrons, kennysheep_doodads, uniq_joseph
D:8:      layout_layer_cave, dpeg_oklobed_lair
D:9:      layout_roguey, lemuel_doored_altar, nicolae_sif_muna_condensation
D:10:     layout_basic, overflow_temple_1_default
D:11:     layout_basic, nicolae_trove_entry_path_of_doom, serial_bayou_crossing
D:12:     layout_roguey, orc_david_3, gauntlet_entry_generic
D:13:     layout_roguey, hangedman_vaults_entry_quadrant_bands, uniq_urug
D:14:     lemuel_ogre_cave, layout_cave_pods, serial_bayou_lagoon_a,
          gammafunk_ghost_icy, uniq_azrael, uniq_josephine
D:15:     gammafunk_enter_depths_forms, layout_cave_pools,
          nicolae_shop_i_like_big_books, cheibrodos_ashenzari_chains
Lair:1:   layout_regular_city, wad_woods_road_02, chequers_serial_rivers_room_a,
          st_stairs_9, uniq_amaemon, uniq_gastronok
Lair:2:   layout_loops_ring, serial_bayou_shore_a
Lair:3:   layout_small_grid, minmay_shoals_entry_lonely_mermaid,
          guppyfry_snake_entry_island, beast_lair_carwin_1, grunt_megastairs_2
Lair:4:   layout_cave_pods
Lair:5:   hangedman_lair_caniforms_friends, layout_small_grid,
          guppyfry_lair_end_dragon, slime_entry_1, ebering_ghost_inner_flame,
          nicolae_lair_lakeside_cave
Shoals:1: layout_shoals, centaur_isle
Shoals:2: cheibrodos_shoals_satyrical_garden, layout_shoals,
          nicolae_shoals_mertower
Shoals:3: gammafunk_sealed_arena, layout_shoals,
          nicolae_shoals_beach_house_on_fowls_legs
Shoals:4: shoals_end_grunt_ice, layout_shoals
Snake:1:  layout_gridlike, serial_shops, shop
Snake:2:  layout_grid_shapes, serial_bayou_shore_b
Snake:3:  layout_misc_corridors, serial_shops, nicolae_shop_real_fake_doors,
          nicolae_snake_mages_go_home, uniq_donald
Snake:4:  snake_pit, layout_cave_town, drop_trap, serial_bayou_lagoon_b,
          uniq_mara, uniq_mlioglotl, uniq_asterion
Orc:1:    layout_caves, serial_shops, shop, nicolae_orc_crystal_geode,
          uniq_snorg, uniq_nergalle, uniq_harold
Orc:2:    st_orc_pillars, layout_caves, basic_altar, library_closet
Elf:1:    eino_elf_arrival_altar, layout_geoelf_diagonals,
          kennysheep_underground_church, minmay_misc_feat_ornament
Elf:2:    elven_hall_of_blades_hangedman_original
          [infiniplex_blade_entry_pillars], layout_loops_cross, basic_altar,
          serial_shops, nicolae_shop_stone, portal_desolation_entry_nicolae_nacl
Elf:3:    minmay_elf_hall_not_hex, layout_geoelf_octagon,
          lightli_enter_wizlab_magi_temple
Vaults:1: nicolae_vaults_cochlea, nicolae_vaults_big_angled_halls,
          nicolae_vaults_ninety_degrees, nicolae_vaults_bisected_slash,
          hangedman_vaults_cutoff, v_misc_26, nicolae_vaults_trapezoid_1,
          grunt_vaults_twisty, ontoclasm_vaults_bender,
          nicolae_vaults_sightless_eye, vaults_room_large_hall,
          nicolae_vaults_six-pack, vaults_dpeg_hooks, nicolae_vaults_cochlea,
          serial_ice_h, vaults_dpeg_encased_lava, layout_vaults_ring
Vaults:2: vaults_dpeg_diagonal, nicolae_vaults_circle_grid_b,
          nicolae_vaults_weapon_check, v_misc_12, v_misc_8,
          nicolae_vaults_tetromino_T_1, nicolae_vaults_shipping_containers_7,
          vaults_mumra_minichess_inversion, nicolae_vaults_asterisk,
          nicolae_vaults_storage_closets_1, nicolae_vaults_tetromino_Z_2,
          layout_vaults_omnigrid, blue_anna_dwarven_crypt, serial_shops,
          nicolae_shop_behind_doors, uniq_xtahua, uniq_saint_roka, uniq_sojobo,
          uniq_margery
Vaults:3: nicolae_vaults_security_offices_5, ontoclasm_vaults_misaligned,
          nicolae_vaults_alarming, nicolae_vaults_turnstiles,
          vaults_dpeg_spiral, nicolae_vaults_tetromino_Z_2,
          nicolae_vaults_asterisk, vaults_mumra_minichess,
          nicolae_vaults_variable_pillar_hall, nicolae_vaults_tangram_1,
          nicolae_vaults_wine_cellar, layout_vaults_omnibox
Vaults:4: v_misc_1, nicolae_vaults_prndl,
          nicolae_vaults_you_can_take_it_with_you, nicolae_vaults_what_the_h,
          nicolae_vaults_trapezoid_lopsided_4, grunt_vaults_funnel,
          nicolae_vaults_house_2, grunt_vaults_swirl,
          nicolae_vaults_closet_pinwheel_3, nicolae_vaults_little_squares_3,
          nicolae_vaults_shelves_hall, hangedman_vaults_maws,
          nicolae_vaults_tetromino_T_1, nicolae_vaults_gold_heap,
          layout_vaults_omnicross, uniq_aizul
Vaults:5: serial_shops, uniq_jory
Depths:1: layout_roguey, chequers_serial_rivers_small_3, grunt_mini_vestibule,
          pan_entry, abyss_entry_crystal, minmay_stone_trees_small,
          elyvilon_altar_4, serial_bayou_shore_b
Depths:2: minmay_the_grid_octo_tiled_squarecenter [minmay_the_grid_octo_shrine,
          minmay_the_grid_octo_teeth, minmay_the_grid_octo_77,
          minmay_the_grid_octo_clover_2,
          minmay_the_grid_square_5x5_megaprize_open,
          minmay_the_grid_square_5x5_two, minmay_the_grid_square_5x5_six,
          minmay_the_grid_square_5x5_two_small,
          minmay_the_grid_square_5x5_slash], layout_gridville, enter_ziggurat_e,
          kennysheep_path_1, serial_glass, glass_columns_a, glass_columns_a,
          hell_entry, grunt_pan_entry_zigzag, infiniplex_staircase_door_maze
Depths:3: regret_index_reflect_refract, layout_cave_shapes,
          gammafunk_ghost_mausoleum, abyss_entry, pf_vacation_house_of_asmodeus,
          nicolae_elevator_lobby_plus
Depths:4: grunt_zot_entry_gee_three, layout_basic, serial_shops, shop,
          nicolae_tricolors, pf_coc_iceberg, corexii_leaking_fountain,
          serial_bayou_shore_b
Zot:1:    layout_gridlike, regret_index_zotdec_twisting_globes
Zot:2:    layout_misc_corridors, grunt_megastairs_1
Zot:3:    layout_gridlike
Zot:4:    regret_index_zot_pan_timeshare, layout_cellular_growth, uniq_tiamat
Zot:5:    layout_misc_corridors

Skill      XL: |  1  2  3  4  5  6  7  8  9 10 11 12 13 14 15 16 17 18 19 20 21 22 23 24 25 |
---------------+----------------------------------------------------------------------------+-----
Unarmed Combat | 1 11 14 17 20 22 25 27 | 27.0
Fighting       | 2 3 4 5 7 8 10 12 13 14 16 18 22 | 22.8
Polearms       | 1 2 4 5 7 8 11 14 16 | 16.3
Dodging        | 4 11 12 13 15 17 20 22 24 | 24.0
Shapeshifting  | 9 15 16 18 21 23 25 27 | 27.0
Armour         | |  0.6
Stealth        | |  1.1
Evocations     | |  3.0

Action                     |  1- 3 |  4- 6 |  7- 9 | 10-12 | 13-15 | 16-18 | 19-21 | 22-24 | 25-27 || total
---------------------------+-------+-------+-------+-------+-------+-------+-------+-------+-------++-------
  Melee: Dagger            |   118 |       |       |       |       |       |       |       |       ||   118
         Punch             |     1 |       |       |       |       |    48 |    69 |   150 |    61 ||   329
         Club              |     1 |       |       |       |       |       |       |       |       ||     1
         Halberd           |    23 |   132 |    48 |       |       |       |       |       |       ||   203
         Tailslap          |       |     1 |       |       |    13 |     5 |       |       |       ||    19
         Trident           |       |       |   211 |   696 |  1208 |       |       |       |       ||  2115
         Unarmed           |       |       |       |       |   238 |   937 |   700 |   947 |   246 ||  3068
  Throw: Throwing net      |       |       |       |     1 |       |       |       |       |       ||     1
 Invoke: Call Merchant     |       |       |       |     2 |     1 |     1 |     3 |     2 |       ||     9
         Potion Petition   |       |       |       |       |       |       |     1 |       |       ||     1
         Bribe Branch      |       |       |       |       |       |       |       |       |     2 ||     2
Ability: Blinkbolt         |       |       |       |       |       |    47 |    69 |    60 |    11 ||   187
  Evoke: Wand              |     6 |     6 |     7 |    34 |     2 |     1 |       |       |     1 ||    57
         Phantom mirror    |       |       |       |       |       |     1 |     1 |       |       ||     2
    Use: Scroll            |     4 |       |    11 |    20 |     5 |    17 |     1 |     9 |     9 ||    76
         Potion            |       |     1 |     2 |     6 |     3 |     9 |     5 |     2 |       ||    28
   Stab: Sleeping          |       |     4 |     2 |     5 |     9 |     2 |     4 |     2 |       ||    28
         Paralysed         |       |     6 |     4 |    21 |       |       |       |       |       ||    31
         Distracted        |       |       |       |     3 |    12 |     7 |    11 |    18 |     6 ||    57
         Held in net/web   |       |       |       |     1 |       |       |       |       |       ||     1
         Confused          |       |       |       |       |     3 |       |       |       |     1 ||     4
         Petrified         |       |       |       |       |     1 |       |       |       |       ||     1
 Armour: Leather armour    |    61 |    98 |   143 |   213 |   102 |       |       |       |       ||   617
         Skin              |       |       |       |     7 |   800 |   801 |   188 |   205 |    63 ||  2064
  Dodge: Dodged            |    87 |   108 |   109 |   230 |   985 |   971 |   678 |   994 |   241 ||  4403
  Block: Buckler           |       |       |     1 |    49 |   148 |       |       |       |       ||   198
         Kite shield       |       |       |       |       |   803 |   620 |       |       |       ||  1423
         Reflection        |       |       |       |       |     6 |    30 |     2 |       |       ||    38
         Other             |       |       |       |       |       |    35 |    15 |       |       ||    50
   Form: Statue            |       |       |       |       |     1 |       |       |       |       ||     1
         Storm             |       |       |       |       |       |     1 |       |       |       ||     1

Table legend: (Time is in decaauts)
 A = Elapsed time spent in this place.
 B = Non-inter-level travel time spent in this place.
 C = Inter-level travel time spent in this place.
 D = Time resting spent in this place.
 E = Time spent auto-exploring this place.
 F = Levels seen in this place.
 G = Mean time per level.
                   A        B        C        D        E       F      G
               +--------+--------+--------+--------+--------+-----+--------+
         Total |  48793 |  43137 |   5656 |   2703 |  30096 |  59 |  827.0 |
       Dungeon |  17368 |  14822 |   2546 |    630 |  11304 |  15 | 1157.9 |
          Lair |   9121 |   8043 |   1078 |     55 |   5895 |   5 | 1824.2 |
        Shoals |   1285 |    990 |    295 |      0 |    565 |   4 |  321.2 |
     Snake Pit |   2887 |   2763 |    124 |      0 |   2189 |   4 |  721.8 |
  Orcish Mines |   3404 |   2823 |    581 |    573 |   1541 |   2 | 1702.0 |
   Elven Halls |   1200 |    994 |    206 |     51 |    667 |   3 |  400.0 |
        Vaults |   9328 |   8883 |    445 |   1254 |   5682 |   5 | 1865.6 |
        Depths |   1434 |   1210 |    224 |      0 |    772 |   4 |  358.5 |
           Zot |    998 |    844 |    154 |      2 |    546 |   5 |  199.6 |
         Abyss |     13 |     13 |      0 |      0 |      0 |   1 |   13.0 |
      Ziggurat |    222 |    222 |      0 |      0 |    110 |   7 |   31.7 |
         Trove |     49 |     49 |      0 |      0 |      4 |   1 |   49.0 |
        Wizlab |    382 |    382 |      0 |      0 |    246 |   1 |  382.0 |
    Desolation |    692 |    692 |      0 |      0 |    462 |   1 |  692.0 |
      Gauntlet |    403 |    403 |      0 |    136 |    112 |   1 |  403.0 |
               +--------+--------+--------+--------+--------+-----+--------+

Top non-repeatable levels by time:
  Lair:5: 3451 daAuts
Vaults:2: 2868 daAuts
   Orc:2: 2504 daAuts
Vaults:1: 2295 daAuts
    D:14: 2221 daAuts
Vaults:5: 1814 daAuts
  Lair:1: 1750 daAuts
    D:13: 1666 daAuts
  Lair:4: 1648 daAuts
     D:8: 1636 daAuts
  Lair:3: 1575 daAuts
     D:5: 1403 daAuts
    D:11: 1354 daAuts
     D:6: 1273 daAuts
Vaults:4: 1236 daAuts
